 Dungeon Crawl Stone Soup version 0.23.1 (webtiles) character file.

Game seed: 16683328902334683842

16 Lusmu the Caller (level 2, 0/16 HPs)
             Began as a Tengu Summoner on Mar 11, 2019.
             Succumbed to an adder's poison
             ... on level 2 of the Dungeon.
             The game lasted 00:04:00 (1551 turns).

Lusmu the Caller (Tengu Summoner)                   Turns: 1551, Time: 00:04:00

Health: 0/16       AC:  2    Str:  8    XL:     2   Next: 58%
Magic:  14/15      EV: 13    Int: 15    God:
Gold:   52         SH:  0    Dex: 16    Spells: 4/5 levels left

rFire    . . .     SeeInvis .   j - +1 short sword
rCold    . . .     Gourm    .   (no shield)
rNeg     . . .     Faith    .   a - +0 robe
rPois    .         Spirit   .   (helmet restricted)
rElec    .         Reflect  .   (no cloak)
rCorr    .         Harm     .   (no gloves)
MR       .....                  (boots unavailable)
Stlth    ++........             (no amulet)
HPRegen  0.05/turn              f - ring of magical power
MPRegen  0.14/turn              (no ring)

@: lethally poisoned (0 -> -7)
A: beak, talons 3, agile 1, MP-powered wands
a: no special abilities


You were on level 2 of the Dungeon.
You were not hungry.

You visited 1 branch of the dungeon, and saw 2 of its levels.

You collected 52 gold pieces.

Inventory:

Hand Weapons
 j - a +1 short sword (weapon)
Missiles
 i - 16 stones (quivered)
Armour
 a - a +0 robe (worn)
 d - a +2 ring mail of cold resistance
Jewellery
 f - a ring of magical power (left hand)
 n - an uncursed ring of ice {unknown}
Scrolls
 b - a scroll of amnesia {unknown}
 e - a scroll of teleportation {unknown}
 g - a scroll of random uselessness {unknown}
 h - a scroll of remove curse {unknown}
 m - a scroll of enchant weapon
 o - a scroll of identify {unknown}
 q - a scroll of immolation {unknown}
Potions
 l - a potion of cancellation {unknown}
 p - a potion of curing {unknown}
Comestibles
 c - 7 rations


   Skills:
 + Level 0.8 Fighting
 - Level 2.1 Dodging
 - Level 2.0 Stealth
 + Level 2.2 Spellcasting
 * Level 5.2 Summonings


You had 4 spell levels left.
You knew the following spells:

 Your Spells              Type           Power        Failure   Level  Hunger
a - Summon Small Mammal   Summ           ###.         2%          1    #......

Your spell library contained the following spells:

 Spells                   Type           Power        Failure   Level  Hunger
 Call Imp                 Summ           ###.....     3%          2    ###....
 Call Canine Familiar     Summ           ###.....     8%          3    ###....
 Summon Guardian Golem    Hex/Summ       #.......     22%         3    ###....
 Summon Ice Beast         Ice/Summ       #.......     58%         4    #####..
 Summon Lightning Spire   Summ/Air       #.......     58%         4    #####..


Dungeon Overview and Level Annotations

Branches:
Dungeon (2/15)

Altars:


Innate Abilities, Weirdness & Mutations

You have a beak for a mouth.
You have claws for feet.
You are agile. (Dex +2)
You expend magic power (3 MP) to strengthen your wands.


Message History

The bat barely misses you. The bat barely misses you. The adder bites you.
You barely miss the adder. You claw the adder, but do no damage.
The bat hits your rat but does no damage.
The adder bites you.
Your rat bites the adder.
You closely miss the adder.
The adder is lightly wounded.
The adder bites you.
You are lethally poisoned!
The adder poisons you!
Your rat bites the adder.
You hit the adder.
The adder is heavily wounded.
* * * LOW HITPOINT WARNING * * *
You feel sick. The adder misses you. The adder bites you.
* * * LOW HITPOINT WARNING * * *
Your rat completely misses the adder.
It was a potion of mutation.
You feel extremely strange.
You feel your magical essence link to your wands.
You feel agile.
You die...

# .. ..# # ##(##.. ###
#.....? ... ...)... ...
....... ##....... .......
....#....
......b##########...##....
........r@................
.....(..S....###..###.....
.......#####......#...#...
#.##### ####.......##....
. #.....##.........
#.....####...####
#..#.###...### #
####........### #
#.......#####


You could see an adder, a bat and a friendly rat.

Vanquished Creatures
  2 dart slugs (D:1)
  A giant cockroach (D:1)
  A goblin (D:2)
  2 hobgoblins (D:1)
  2 bats (D:2)
  A kobold (D:1)
  A rat (D:2)
10 creatures vanquished.

Vanquished Creatures (collateral kills)
  A giant cockroach (D:1)
  A hobgoblin (D:1)
  A goblin (D:1)
3 creatures vanquished.

Grand Total: 13 creatures vanquished

Notes
Turn   | Place    | Note
-------+----------+-------------------------------------------
     0 | D:1      | Lusmu the Tengu Summoner began the quest for the Orb.
     0 | D:1      | Reached XP level 1. HP: 10/10 MP: 4/4
   371 | D:1      | Reached skill level 5 in Summonings
   436 | D:1      | Reached XP level 2. HP: 4/16 MP: 4/6
  1551 | D:2      | Gained mutation: You expend magic power (3 MP) to
                  | strengthen your wands. [potion of mutation]
  1551 | D:2      | Gained mutation: You are agile. (Dex +2) [potion of
                  | mutation]
  1551 | D:2      | Succumbed to an adder's poison

Skill      XL: |  1 |
---------------+----+-----
Summonings     | 5 |  5.2
Fighting       | |  0.8
Dodging        | |  2.1
Stealth        | |  2.0
Spellcasting   | |  2.2

Action                   || total
-------------------------++-------
Melee: Unarmed           ||    19
       Kick              ||    16
       Peck              ||     3
       Short sword       ||    17
Throw: Stone             ||     4
 Cast: Summon Small Mamm ||    12
  Use: Scroll            ||     1
       Potion            ||     1
  Eat: Chunk             ||     2
Armor: Robe              ||    14
Dodge: Dodged            ||    34
